 Dungeon Crawl Stone Soup version 0.28-a0-1506-g3893175d92 (webtiles) character file.

Game seed: 17085256358970495427

1369 Lekart the Slasher (level 8, -6/69 HPs)
             Began as a Red Draconian Abyssal Knight on Jan 13, 2022.
             Was a Priest of Lugonu.
             Mangled by an orc (22 damage)
             ... on level 5 of the Dungeon.
             The game lasted 00:06:23 (5154 turns).

Lekart the Slasher (Red Draconian Abyssal Knight)   Turns: 5154, Time: 00:06:23

Health: -6/69      AC:  9    Str: 16    XL:     8   Next: 38%
Magic:  12/12      EV: 13    Int: 11    God:    Lugonu [***...]
Gold:   309        SH:  3    Dex: 13    Spells: 7/7 levels left

rFire   + . .      SeeInvis .   h - +0 spear (vorpal)
rCold   . . .      Faith    .   j - +0 buckler
rNeg    . . .      Spirit   .   (armour unavailable)
rPois   .          Reflect  .   (helmet restricted)
rElec   .          Harm     .   (no cloak)
rCorr   .          Rampage  .   (no gloves)
Will    .....                   b - +2 pair of boots
Stlth   ++........              i - amulet of magic regeneration
HPRegen 0.21/turn               (no ring)
MPRegen 0.53/turn               (no ring)

@: short of breath
A: breathe fire, AC +6, unfitting armour, fire resistance 1, cold-blooded
a: Breathe Fire, Renounce Religion, Depart the Abyss, Bend Space, Banish


You were on level 5 of the Dungeon.
You worshipped Lugonu.
Lugonu was most pleased with you.
You visited 1 branch of the dungeon, and saw 5 of its levels.
You visited the Abyss 1 time.

You collected 309 gold pieces.

Inventory:

Hand Weapons
 a - a +1 falchion
 h - a +0 vorpal spear (weapon)
Missiles
 l - a throwing net
Armour
 b - a +2 pair of boots (worn)
 j - a +0 buckler (worn)
Jewellery
 i - an amulet of magic regeneration (around neck)
Scrolls
 d - 5 scrolls of fog
 e - a scroll of amnesia {unknown}
 f - a scroll of teleportation
 k - a scroll of identify
Potions
 c - a potion of heal wounds
 g - a potion of resistance {unknown}


   Skills:
 + Level 5.4 Fighting
 + Level 6.0 Long Blades
 + Level 1.4 Polearms
 + Level 4.3 Dodging
 + Level 3.2 Stealth
 * Level 5.5 Invocations


You had 7 spell levels left.
You didn't know any spells.
Your spell library contained the following spells:

 Spells                   Type           Power      Damage    Failure   Level
 Scorch                   Fire           0%         2d5       58%         2
 Dazzling Flash           Conj/Hex       0%         N/A       82%         3
 Flame Wave               Conj/Fire      0%         2d4       99%         4
 Iskenderun's Mystic Bla  Conj/Tloc      0%         2d3       99%         4
 Starburst                Conj/Fire      0%         6d3       100%        6
 Summon Cactus Giant      Summ           0%         N/A       100%        6


Dungeon Overview and Level Annotations

Branches:
Dungeon (5/15)
 Temple: D:4-7

Altars:

Annotations:
D:5 1 runed translucent door, Crazy Yiuf


Innate Abilities, Weirdness & Mutations

You can breathe blasts of fire.
Your fiery red scales are hard. (AC +6)
You cannot fit into any form of body armour.
Your flesh is heat resistant. (rF+)
You are cold-blooded and may be slowed by cold attacks.


Message History

Reach: h) +0 spear (vorpal)
Press: ? - help, Dir - move target, f/p - orc priest
Aim: an orc priest, wielding a +0 whip and wearing a +0 leather armour (moderately wounded, about 38% to evade your +0 vorpal spear)
You reach to attack!
You hit the orc priest.
The orc priest is heavily wounded.
Reach: h) +0 spear (vorpal)
Press: ? - help, Dir - move target, f/p - orc priest
Aim: an orc priest, wielding a +0 whip and wearing a +0 leather armour (heavily wounded, about 38% to evade your +0 vorpal spear)
You reach to attack!
You hit the orc priest but do no damage.
The orc priest is heavily wounded.
Reach: h) +0 spear (vorpal)
Press: ? - help, Dir - move target, f/p - orc priest
Aim: an orc priest, wielding a +0 whip and wearing a +0 leather armour (heavily wounded, about 38% to evade your +0 vorpal spear)
You reach to attack!
You hit the orc priest.
The orc priest is heavily wounded.
Reach: h) +0 spear (vorpal)
Press: ? - help, Dir - move target, f/p - orc priest
Aim: an orc priest, wielding a +0 whip and wearing a +0 leather armour (heavily wounded, about 38% to evade your +0 vorpal spear)
You hit the orc priest.
The orc priest is severely wounded.
The orc priest hits you but does no damage.
The orc closely misses you.
Reach: h) +0 spear (vorpal)
Press: ? - help, Dir - move target, f/p - orc priest
Aim: an orc priest, wielding a +0 whip and wearing a +0 leather armour (severely wounded, about 38% to evade your +0 vorpal spear)
You hit the orc priest.
The orc priest is almost dead.
The orc priest barely misses you.
The orc hits you from afar with a +2 trident of distortion.
Space warps around you.
* * * LOW HITPOINT WARNING * * *
Reach: h) +0 spear (vorpal)
Press: ? - help, Dir - move target, f/p - orc priest
Aim: an orc priest, wielding a +0 whip and wearing a +0 leather armour (almost dead, about 38% to evade your +0 vorpal spear)
You hit the orc priest.
You kill the orc priest!
Lugonu accepts your kill. The orc hits you but does no damage.
Space warps horribly around you!!
You die...

#
#..#######.........#
#
#..........#######.#
####.########.# #.#
.....# #.# #.#
####.# #.# #.# #.#
#.# #.# #.# #.# #.#
... #.#######.# ###
#.>.@)....# #
#####)#####


o.oo.o.o# . ######### .# ## You could see an orc.

Vanquished Creatures
  Menkaure (D:4)
  Edmund (D:4)
  A necrophage (D:4)
  Blork the orc (D:4)
  2 scorpions (D:4)
  2 gnoll sergeants (D:5)
  A water moccasin skeleton (D:5)
  A bullfrog zombie (D:5)
  2 hounds
  3 bullfrog skeletons (D:5)
  A jelly (D:5)
  2 orc priests (D:5)
  2 centaur skeletons (D:5)
  An iguana (D:3)
  An orc wizard (D:5)
  8 adders
  10 gnolls (D:5)
  A white imp (D:5)
  An ufetubus (D:4)
  An adder zombie (D:5)
  2 worms
  2 orcs
  4 ball pythons
  4 bats
  13 endoplasms
  4 giant cockroaches
  5 goblins
  4 hobgoblins
  7 jackals
  4 quokkas
  5 frilled lizards
  8 kobolds
  4 rats
109 creatures vanquished.

Notes
Turn   | Place    | Note
-------+----------+-------------------------------------------
     0 | Abyss:1  | Lekart the Draconian Abyssal Knight began the quest for the
                  | Orb.
     0 | Abyss:1  | Reached XP level 1. HP: 19/19 MP: 2/2
    31 | Abyss:3  | Noticed a small abomination
    52 | D:1      | Escaped the Abyss
    83 | D:1      | Reached * piety under Lugonu
   104 | D:1      | Reached XP level 2. HP: 14/26 MP: 3/3
   385 | D:1      | Found a faded altar of an unknown god.
   489 | D:1      | Reached XP level 3. HP: 31/33 MP: 4/4
  1445 | D:2      | Reached ** piety under Lugonu
  1446 | D:2      | Reached XP level 4. HP: 39/40 MP: 4/6
  1819 | D:3      | Reached skill level 3 in Long Blades
  2242 | D:3      | Reached XP level 5. HP: 46/46 MP: 7/7
  2472 | D:3      | Reached skill level 1 in Stealth
  2916 | D:4      | Noticed Edmund
  2919 | D:4      | Noticed Menkaure
  2925 | D:4      | Killed Edmund
  2926 | D:4      | Reached skill level 4 in Long Blades
  2926 | D:4      | Reached XP level 6. HP: 40/53 MP: 1/8
  2927 | D:4      | Killed Menkaure
  3146 | D:4      | Your scales start taking on a fiery red colour.
  3146 | D:4      | Reached XP level 7. HP: 53/60 MP: 8/10
  3146 | D:4      | Gained mutation: Your flesh is heat resistant. (rF+) [Red
                  | Draconian growth]
  3451 | D:4      | Noticed Blork the orc
  3459 | D:4      | Killed Blork the orc
  3460 | D:4      | Reached skill level 5 in Long Blades
  3965 | D:5      | Entered Level 5 of the Dungeon
  4022 | D:5      | Reached *** piety under Lugonu
  4097 | D:5      | Reached skill level 5 in Fighting
  4205 | D:5      | Found a runed translucent door.
  4206 | D:5      | Noticed Crazy Yiuf
  4464 | D:5      | Reached XP level 8. HP: 68/68 MP: 11/11
  4638 | D:5      | Reached skill level 5 in Invocations
  4642 | D:5      | Reached skill level 6 in Long Blades
  4989 | D:5      | Reached skill level 1 in Polearms
  5154 | D:5      | Mangled by an orc

Illustrated notes

Levels and vault maps discovered:
D:1:      lightli_arrival_flooded_house, layout_rooms,
          shapermc_ecumenical_altar_totnotflames
D:2:      layout_rooms
D:3:      layout_basic, minmay_box_of_dots
D:4:      layout_basic, uniq_blork_the_orc, uniq_edmund, uniq_menkaure
D:5:      layout_loops_ring, serial_undead, serial_undead_c, serial_undead_a,
          serial_undead_d, serial_undead_f, uniq_crazy_yiuf_cottage

Skill      XL: |  1  2  3  4  5  6  7  8 |
---------------+-------------------------+-----
Fighting       | 4 5 |  5.4
Long Blades    | 3 4 5 6 |  6.0
Invocations    | 3 4 5 |  5.5
Stealth        | 1 2 3 |  3.2
Dodging        | 3 4 |  4.3
Polearms       | 1 |  1.4

Action                   |  1- 3 |  4- 6 |  7- 9 || total
-------------------------+-------+-------+-------++-------
Melee: Falchion          |   100 |   121 |   122 ||   343
       Tailslap          |     8 |    18 |    35 ||    61
       Punch             |     1 |       |     2 ||     3
       Spear             |       |       |    73 ||    73
Invok: Depart the Abyss  |     1 |       |       ||     1
       Banish            |       |       |     2 ||     2
 Abil: Breathe Fire      |       |       |     6 ||     6
  Use: Scroll            |       |     4 |     2 ||     6
       Potion            |       |     1 |     3 ||     4
 Stab: Sleeping          |     3 |     3 |     5 ||    11
       Distracted        |       |       |     1 ||     1
Armor: Skin              |    42 |    45 |    94 ||   181
Dodge: Dodged            |    83 |    64 |   142 ||   289
Block: Buckler           |       |       |     6 ||     6

Table legend: (Time is in decaauts)
 A = Elapsed time spent in this place.
 B = Non-inter-level travel time spent in this place.
 C = Inter-level travel time spent in this place.
 D = Time resting spent in this place.
 E = Time spent auto-exploring this place.
 F = Levels seen in this place.
 G = Mean time per level.
                   A        B        C        D        E       F      G
               +--------+--------+--------+--------+--------+-----+--------+
         Total |   5207 |   5101 |    106 |    510 |   3635 |   8 |  650.9 |
       Dungeon |   5155 |   5049 |    106 |    510 |   3629 |   5 | 1031.0 |
         Abyss |     51 |     51 |      0 |      0 |      6 |   3 |   17.0 |
               +--------+--------+--------+--------+--------+-----+--------+

Top non-repeatable levels by time:
     D:3: 1394 daAuts
     D:4: 1269 daAuts
     D:5: 1011 daAuts
     D:1: 851 daAuts
     D:2: 629 daAuts
 Abyss:1: 22 daAuts
 Abyss:3: 21 daAuts
 Abyss:2: 7 daAuts
